 Dungeon Crawl Stone Soup version 0.31-a0-44-g49d609d0da (webtiles) character file.

Game seed: 1592909968993415135

6314 pk666 the Thaumaturge (level 10, -22/50 HPs)
             Began as a Deep Elf Fire Elementalist on May 21, 2023.
             Was a Priest of Vehumet.
             Hit by a large rock thrown by a cyclops (41 damage)
             ... on level 11 of the Dungeon.
             The game lasted 00:27:48 (12619 turns).

pk666 the Thaumaturge (Deep Elf Fire Elementalist) Turns: 12619, Time: 00:27:49

Health: -22/50     AC:  5    Str:  5    XL:     10   Next: 64%
Magic:  35/35      EV: 21    Int: 25    God:    Vehumet [***...]
Gold:   529        SH:  0    Dex: 15    Spells: 17/30 levels left

rFire   + . .        H - +0 dagger (venom)
rCold   . . .        (no shield)
rNeg    . . .        a - +0 robe
rPois   +            (no helmet)
rElec   .            L - +0 cloak
rCorr   .            (no gloves)
SInv    .            I - +2 pair of slick slippers {slick, slippery, EV+4}
Will    +....        y - amulet of magic regeneration
Stlth   ++           E - ring of Dacej {rF+ MP+9}
HPRegen 0.28/turn    C - ring of poison resistance
MPRegen 0.64/turn

%: no passive effects
@: no status effects
A: no striking features
a: Renounce Religion


You were on level 11 of the Dungeon.
You worshipped Vehumet.
Vehumet was most pleased with you.
You visited 1 branch of the dungeon, and saw 11 of its levels.

You collected 529 gold pieces.

Inventory:

Hand Weapons
 H - a +0 dagger of venom (weapon)
Armour
 a - a +0 robe (worn)
 I - the +2 pair of slick slippers (worn) {slick, slippery, EV+4}
   (You found it on level 9 of the Dungeon)

   Slick:     Its wearer cannot be constricted, engulfed, netted or webbed.
   Slippery:  Its wearer slips away from damaging melee attacks, pulling the
   attacker onward.
   EV:        It affects your evasion (+4).
 L - a +0 cloak (worn)
Jewellery
 i - a +5 ring of evasion
 v - a +6 ring of dexterity
 y - an amulet of magic regeneration (around neck)
 C - a ring of poison resistance (right hand)
 E - the ring of Dacej (left hand) {rF+ MP+9}
   (You found it on level 7 of the Dungeon)

   [ring of magical power]

   rF:        It protects you from fire.
   MP:        It affects your magic capacity (+9).
Wands
 n - a wand of paralysis (17)
 s - a wand of roots (14)
 A - a wand of light (12)
Scrolls
 e - a scroll of identify
 f - 2 scrolls of poison
 j - 3 scrolls of teleportation {unknown}
 k - 2 scrolls of enchant armour {unknown}
 l - 3 scrolls of summoning
 o - a scroll of fog {unknown}
 q - 2 scrolls of enchant weapon {unknown}
 r - 5 scrolls of amnesia
 t - 2 scrolls of fear {unknown}
 z - 2 scrolls of torment {unknown}
 D - 2 scrolls of noise {unknown}
 F - a scroll of acquirement {unknown}
 J - a scroll of magic mapping {unknown}
 K - a scroll of blinking {unknown}
Potions
 b - a potion of magic
 c - 3 potions of heal wounds
 d - 2 potions of might
 g - a potion of attraction {unknown}
 h - 3 potions of lignification
 m - 3 potions of flight {unknown}
 p - 2 potions of brilliance {unknown}
 u - 4 potions of invisibility
 w - 5 potions of curing
 x - 2 potions of mutation {unknown}
 B - 2 potions of haste {unknown}
 G - a potion of berserk rage {unknown}


   Skills:
 - Level 9.4 Dodging
 - Level 2.4 Stealth
 - Level 10.8 Spellcasting
 - Level 8.8 Conjurations
 - Level 8.9 Fire Magic
 + Level 5.0 Earth Magic


You had 17 spell levels left.
You knew the following spells:

 Your Spells              Type           Power      Damage    Failure   Level
a - Foxfire               Conj/Fire      100%       2x1d9     1%          1
b - Scorch                Fire           100%       2d9       1%          2
c - Flame Wave            Conj/Fire      55%        2d13      1%          4
d - Iron Shot             Conj/Erth      24%        9d5       11%         6

Your spell library contained the following spells:

 Spells                   Type           Power      Damage    Failure   Level
 Olgreb's Toxic Radiance  Pois           13%        N/A       12%         4
 Inner Flame              Hex/Fire       35%        N/A       1%          3
 Volatile Blastmotes      Fire/Tloc      70%        2d15      1%          3
 Apportation              Tloc           26%        N/A       4%          1
 Ensorcelled Hibernation  Hex/Ice        26%        N/A       7%          2
 Portal Projectile        Hex/Tloc       26%        N/A       14%         3
 Spider Form              Tmut/Pois      13%        N/A       14%         3
 Tukima's Dance           Hex            13%        N/A       14%         3
 Animate Armour           Summ/Erth      52%        N/A       16%         4
 Yara's Violent Unravell  Hex/Tmut       6%         3d5       30%         5
 Anguish                  Hex/Necr       6%         N/A       41%         4
 Alistair's Intoxication  Tmut/Pois      8%         N/A       77%         5
 Blade Hands              Tmut           6%         N/A       77%         5
 Summon Forest            Summ/Tloc      6%         N/A       77%         5
 Eringya's Noxious Bog    Tmut/Pois      6%         N/A       83%         6
 Enfeeble                 Hex            6%         N/A       100%        7
 Summon Hydra             Summ           6%         N/A       100%        7


Dungeon Overview and Level Annotations

Branches:
Dungeon (11/15)            Temple (0/1) D:6            Lair (0/5) D:10
    Orc: D:9-12

Altars:
Cheibriados
Dithmenos
Elyvilon
Fedhas
Gozag
Hepliaklqana
Nemelex Xobeh
Okawaru
Ru
Sif Muna
Vehumet
Wu Jian
Xom
Yredelemnul
Zin
The Shining One

Shops:
D:5 *   D:11 [

Annotations:
D:5 1 runed translucent door, mandick's ghost, novice OpCj
D:8 2 transporters, exclusion: downstairs, Xtruder99's ghost, novice OpTm
D:10 2 runed translucent doors, exclusion: oklob plant
D:11 3 runed translucent doors, caveywoolpert's ghost, journeyman GrEE


Message History

You can't see any susceptible monsters within range! (Use Z to cast anyway.)
Casting: Foxfire (safe; 1% risk of failure)
Confirm with . or Enter, or press ? or * to list all spells.
The spell is extremely dangerous to miscast (16% risk of failure)!
Continue anyway?
Aiming: Iron Shot (extremely dangerous; 16% risk of failure)
Press: ? - help, Shift-Dir - straight line, f - two-headed ogre
Aim: a two-headed ogre, wielding a +0 giant spiked club and a +0 giant club (lightly wounded, 85% to hit)
The iron shot misses the two-headed ogre.
Casting: Iron Shot (extremely dangerous; 16% risk of failure)
Confirm with . or Enter, or press ? or * to list all spells.
The spell is extremely dangerous to miscast (16% risk of failure)!
Continue anyway?
Aiming: Iron Shot (extremely dangerous; 16% risk of failure)
Press: ? - help, Shift-Dir - straight line, f/p - two-headed ogre
Aim: a two-headed ogre, wielding a +0 giant spiked club and a +0 giant club (lightly wounded, 85% to hit)
The iron shot hits the two-headed ogre!!
The two-headed ogre is heavily wounded.
Casting: Iron Shot (extremely dangerous; 16% risk of failure)
Confirm with . or Enter, or press ? or * to list all spells.
The spell is extremely dangerous to miscast (16% risk of failure)!
Continue anyway?
Aiming: Iron Shot (extremely dangerous; 16% risk of failure)
Press: ? - help, Shift-Dir - straight line, f/p - two-headed ogre
Aim: a two-headed ogre, wielding a +0 giant spiked club and a +0 giant club (heavily wounded, 85% to hit)
The iron shot hits the two-headed ogre!!
You kill the two-headed ogre!
Vehumet accepts your kill.
You feel your power returning.
Your Earth Magic skill gained 2 levels and is now at level 5!
You start resting.
Magic restored.
Things that are here:
a +0 giant spiked club; a +0 giant club The cyclops shouts!
You hear a shout! x2
The cyclops throws a large rock.
The large rock hits you!!
Ouch! That really hurt!
Casting: Iron Shot (quite dangerous; 11% risk of failure)
Confirm with . or Enter, or press ? or * to list all spells.
You can't see any susceptible monsters within range! (Use Z to cast anyway.)
The cyclops throws a large rock.
The large rock hits you!!!
Ouch! That really hurt!
You die...

#.....#.. .... #...# #.....#..
......### ...+ #....####
.........# ...# #...##.8∩
.........# ..[ #...#p$..
#.........# #'########...+$.$.
#.........###.##..##.....+W_8$
##..................#.....+$$$.
##..............@...#.......#.$.?
.+..................C.......##∩8.
##...........)######.........####
###........## #)..........#.
#.....)..# #...........#.
#........################+##.
##.............# #..#.
####..............# ###'#'
..................# #.....


You could see a cyclops.

Vanquished Creatures
  A boulder beetle (D:11)
  A two-headed ogre (D:11)
  2 trolls
  Sigmund (D:6)
  A steam dragon (D:8)
  2 acid dragons
  2 water moccasins
  5 orc warriors
  2 black bears
  2 sky beasts
  4 ogres
  3 centaurs
  A phantom (D:5)
  2 kobold brigands
  5 bullfrogs
  A gnoll sergeant (D:10)
  4 scorpions
  4 wights (D:6)
  6 killer bees (D:11)
  7 hounds
  4 jellies
  13 orc priests
  A sleepcap (D:6)
  2 iguanas (D:5)
  Natasha (thrice) (D:3)
  6 orc wizards
  7 adders
  7 gnolls
  A white imp (D:7)
  A howler monkey simulacrum (D:9)
  An ufetubus (D:7)
  A worm (D:2)
  2 dart slugs
  43 orcs
  4 endoplasms
  3 giant cockroaches
  8 goblins
  8 hobgoblins
  5 jackals
  21 kobolds
  2 quokkas
  8 ball pythons
  3 bats
  6 rats
  A spectral orc (D:9)
217 creatures vanquished.

Vanquished Creatures (collateral kills)
  4 foxfires (D:10)
4 creatures vanquished.

Vanquished Creatures (others)
  An angel (D:8)
  529 foxfires
530 creatures vanquished.

Grand Total: 751 creatures vanquished

Notes
Turn   | Place    | Note
-------+----------+-------------------------------------------
     0 | D:1      | pk666 the Deep Elf Fire Elementalist began the quest for
                  | the Orb.
     0 | D:1      | Reached XP level 1. HP: 10/10 MP: 6/6
   202 | D:1      | Reached XP level 2. HP: 15/15 MP: 4/8
   209 | D:1      | Learned a level 2 spell: Scorch
  1241 | D:2      | Reached XP level 3. HP: 19/19 MP: 8/10
  1981 | D:2      | Reached XP level 4. HP: 24/24 MP: 6/11
  2309 | D:3      | Found a shimmering blue altar of Sif Muna.
  2359 | D:3      | Reached skill level 4 in Spellcasting
  2650 | D:3      | Found a sparkling altar of Nemelex Xobeh.
  2650 | D:3      | Found a shadowy altar of Dithmenos.
  2913 | D:3      | Found a hazy altar of Hepliaklqana.
  2954 | D:3      | Noticed Natasha
  2965 | D:3      | Killed Natasha
  3047 | D:3      | Noticed Natasha
  3053 | D:3      | Killed Natasha
  3054 | D:3      | Reached XP level 5. HP: 28/28 MP: 9/13
  3059 | D:3      | Noticed Natasha
  3064 | D:3      | Killed Natasha
  3991 | D:4      | Reached skill level 5 in Spellcasting
  3991 | D:4      | Reached XP level 6. HP: 30/32 MP: 8/15
  4319 | D:4      | Learned a level 4 spell: Flame Wave
  4346 | D:5      | Entered Level 5 of the Dungeon
  4495 | D:5      | Reached skill level 5 in Fire Magic
  4583 | D:5      | Reached skill level 5 in Dodging
  4817 | D:5      | Reached XP level 7. HP: 23/36 MP: 9/17
  4914 | D:5      | Found a blossoming altar of Fedhas.
  4941 | D:5      | Reached skill level 6 in Spellcasting
  4979 | D:5      | Found Ariaqec's Gadget Gallery.
  5037 | D:5      | Found a runed translucent door.
  5038 | D:5      | Noticed mandick's ghost (novice OpCj)
  5078 | D:5      | Found a radiant altar of Vehumet.
  5093 | D:5      | Became a worshipper of Vehumet
  5570 | D:6      | Reached skill level 5 in Conjurations
  5572 | D:6      | Noticed Sigmund
  5786 | D:6      | Reached XP level 8. HP: 36/41 MP: 11/20
  5788 | D:6      | Reached skill level 7 in Spellcasting
  5951 | D:6      | Identified the +2 short sword of Lies {speed, rElec}
  6005 | D:6      | Reached * piety under Vehumet
  6005 | D:6      | Offered knowledge of Freeze by Vehumet.
  6009 | D:6      | Killed Sigmund
  6137 | D:6      | Found a staircase to the Ecumenical Temple.
  6347 | D:6      | Reached skill level 8 in Spellcasting
  6816 | D:7      | Found a snail-covered altar of Cheibriados.
  6892 | D:7      | HP: 2/41 [acid dragon/splash of acid (21)]
  6984 | D:7      | Reached XP level 9. HP: 29/45 MP: 20/23
  7294 | D:7      | Found an ornate altar of the Wu Jian Council.
  7310 | D:7      | Identified the ring of Dacej {rF+ MP+9}
  7874 | D:8      | Found a glowing silver altar of Zin.
  7874 | D:8      | Noticed an angel
  7906 | D:8      | Found a shimmering altar of Xom.
  7956 | D:8      | Found a glowing golden altar of the Shining One.
  8040 | D:8      | Reached skill level 9 in Spellcasting
  8140 | D:8      | Killed an angel
  8336 | D:8      | Reached ** piety under Vehumet
  8336 | D:8      | Offered knowledge of Kiss of Death by Vehumet.
  8485 | D:8      | Found a sacrificial altar of Ru.
  8505 | D:8      | Found a transporter.
  8507 | D:8      | Found a transporter.
  8508 | D:8      | Noticed Xtruder99's ghost (novice OpTm)
  8508 | D:8      | Noticed a queen bee
  8759 | D:9      | Found the +2 pair of slick slippers {slick, slippery, EV+4}
  8776 | D:9      | Noticed a skeletal warrior
  8955 | D:9      | Found a basalt altar of Yredelemnul.
  9048 | D:10     | Entered Level 10 of the Dungeon
  9283 | D:10     | Found a large runed translucent door.
  9283 | D:10     | Found a large runed translucent door.
  9406 | D:10     | Noticed a troll
  9414 | D:10     | Killed a troll
  9474 | D:10     | Noticed an oklob plant
  9486 | D:10     | Found a staircase to the Lair.
  9564 | D:10     | Found a white marble altar of Elyvilon.
  9665 | D:10     | Offered knowledge of Ignite Poison by Vehumet.
  9703 | D:10     | Found an iron altar of Okawaru.
  9981 | D:10     | Reached *** piety under Vehumet
  9982 | D:10     | Reached XP level 10. HP: 50/50 MP: 25/25
 10474 | D:11     | Reached skill level 10 in Spellcasting
 10537 | D:11     | Noticed a two-headed ogre
 11548 | D:11     | Noticed a boulder beetle
 11572 | D:11     | Killed a boulder beetle
 11680 | D:11     | Found a runed translucent gate.
 11681 | D:11     | Found a runed translucent gate.
 11681 | D:11     | Found an opulent altar of Gozag.
 11682 | D:11     | Found a runed translucent gate.
 11685 | D:11     | Noticed caveywoolpert's ghost (journeyman GrEE)
 11685 | D:11     | Noticed a wizard
 11687 | D:11     | Noticed a deep troll earth mage
 11687 | D:11     | Noticed a purple ugly thing
 11788 | D:11     | Offered knowledge of Olgreb's Toxic Radiance by Vehumet.
 12010 | D:11     | Found Keoxufal's Antique Armour Shoppe.
 12012 | D:11     | Noticed a cyclops
 12080 | D:10     | Learned a level 6 spell: Iron Shot
 12240 | D:11     | Reached skill level 1 in Earth Magic
 12590 | D:11     | Killed a two-headed ogre
 12591 | D:11     | Reached skill level 5 in Earth Magic
 12619 | D:11     | Hit by a large rock thrown by a cyclops

Illustrated notes

Levels and vault maps discovered:
D:1:      psy_arrival_terrarium, layout_loops_cross, serial_park_tiny_2,
          minmay_misc_feat_x
D:2:      layout_basic, kennysheep_decorative_pillar, minmay_misc_feat_encased,
          small_statue_intersection
D:3:      layout_basic, mainiacjoe_overflow_concentric_impassable,
          gammafunk_temple_overflow_statue, lemuel_doored_altar,
          interstate_on_off, chequers_mini_garden, uniq_natasha
D:4:      layout_loops_ring
D:5:      layout_rooms, nicolae_vehumet_altar_sigil, fedhas_altar_2,
          ebering_ghost_inner_flame, nicolae_shop_gadgets
D:6:      layout_cave_pools, minmay_temple_entry_junction_2,
          mrwooster_statue_mirror, uniq_sigmund
D:7:      minmay_angry_zag, layout_cave_pods,
          mainiacjoe_overflow_surrounded_room, overflow_temple_1_default
D:8:      layout_rooms, grunt_temple_overflow_order_and_chaos_1,
          nicolae_ru_path_of_blood, nicolae_tso_swordbearing_angel,
          gammafunk_ghost_hive
D:9:      minmay_the_grid_four_pointed_star
          [minmay_the_grid_triangle_9x9_descending_squares,
          minmay_the_grid_triangle_9x9_shrine,
          minmay_the_grid_triangle_9x9_empty,
          minmay_the_grid_triangle_9x9_fully_insulated_deathbox,
          minmay_the_grid_prize_trominoes], layout_irregular_city,
          lemuel_crystal_altar, yredelemnul_forgotten_temple_becter
D:10:     layout_gridville, overflow_temple_1_default, okawaru_metal_pillars_3,
          dpeg_oklobed_lair, lightli_elemental_guards
D:11:     layout_basic, ebering_ghost_gozag, kennysheep_diamond,
          nicolae_zen_rock_garden, minmay_holes, uniq_lodul

Skill      XL: |  1  2  3  4  5  6  7  8  9 10 |
---------------+-------------------------------+-----
Dodging        | 3 4 5 6 7 9 |  9.4
Conjurations   | 2 3 4 5 6 8 |  8.8
Spellcasting   | 4 5 6 8 9 10 | 10.8
Fire Magic     | 4 5 6 7 8 |  8.9
Earth Magic    | 5 |  5.0
Stealth        | |  2.4

Action                     |  1- 3 |  4- 6 |  7- 9 | 10-12 || total
---------------------------+-------+-------+-------+-------++-------
  Melee: Dagger            |       |       |     1 |       ||     1
         Punch             |       |       |     1 |       ||     1
   Cast: Foxfire           |    77 |    76 |   112 |    66 ||   331
         Scorch            |     5 |    31 |   117 |    28 ||   181
         Flame Wave        |       |       |     4 |    10 ||    14
         Iron Shot         |       |       |       |     3 ||     3
    Use: Scroll            |       |       |     9 |     2 ||    11
         Potion            |       |       |       |     3 ||     3
 Armour: Robe              |     2 |     5 |     3 |     3 ||    13
  Dodge: Dodged            |    20 |    12 |    60 |    28 ||   120

Table legend: (Time is in decaauts)
 A = Elapsed time spent in this place.
 B = Non-inter-level travel time spent in this place.
 C = Inter-level travel time spent in this place.
 D = Time resting spent in this place.
 E = Time spent auto-exploring this place.
 F = Levels seen in this place.
 G = Mean time per level.
                   A        B        C        D        E       F      G
               +--------+--------+--------+--------+--------+-----+--------+
         Total |  12634 |  12124 |    510 |   2537 |   7612 |  11 | 1148.5 |
       Dungeon |  12634 |  12124 |    510 |   2537 |   7612 |  11 | 1148.5 |
               +--------+--------+--------+--------+--------+-----+--------+

Top non-repeatable levels by time:
    D:10: 2292 daAuts
     D:5: 1471 daAuts
     D:3: 1235 daAuts
     D:2: 1205 daAuts
    D:11: 1188 daAuts
     D:1: 1064 daAuts
     D:8: 978 daAuts
     D:6: 957 daAuts
     D:7: 956 daAuts
     D:4: 850 daAuts
     D:9: 432 daAuts
